 Dungeon Crawl Stone Soup version 0.28-b1-1-g3c77fb2ed1 (webtiles) character file.

Game seed: 8914733445682132842

1422 zeram the Cudgeller (level 8, 0/50 HPs)
             Began as a Gargoyle Fighter on Jan 28, 2022.
             Slain by a gnoll sergeant (10 damage)
             ... on level 4 of the Dungeon.
             The game lasted 00:04:28 (3788 turns).

zeram the Cudgeller (Gargoyle Fighter)              Turns: 3788, Time: 00:04:28

Health: 0/50       AC: 15    Str: 22    XL:     8   Next: 72%
Magic:  8/8        EV: 10    Int:  9    God:
Gold:   198        SH:  4    Dex:  9    Spells: 7/7 levels left

rFire   . . .      SeeInvis .   d - +2 whip (elec)
rCold   . . .      Faith    .   c - +0 buckler
rNeg    + . .      Spirit   .   b - +0 scale mail
rPois   ∞          Reflect  .   (no helmet)
rElec   +          Harm     .   (no cloak)
rCorr   .          Rampage  .   j - +1 pair of gloves
Will    .....                   (no boots)
Stlth   ..........              (no amulet)
HPRegen 0.16/turn               (no ring)
MPRegen 0.11/turn               (no ring)

@: brilliant, studying Air Magic
A: sickness immunity, AC +5, negative energy resistance 1, electricity
resistance, torment resistance 1, petrification resistance
a: no special abilities


You were on level 4 of the Dungeon.
You visited 1 branch of the dungeon, and saw 4 of its levels.

You collected 198 gold pieces.

Inventory:

Hand Weapons
 a - a +0 flail of flaming
 d - a +2 whip of electrocution (weapon)
Armour
 b - a +0 scale mail (worn)
 c - a +0 buckler (worn)
 j - a +1 pair of gloves (worn)
Jewellery
 f - an amulet of regeneration
Wands
 m - a wand of mindburst (16)
Scrolls
 e - 3 scrolls of teleportation
 h - 2 scrolls of identify
 k - a scroll of summoning
 n - a scroll of noise {unknown}
Potions
 g - a potion of resistance


   Skills:
 + Level 5.5 Fighting
 + Level 7.0 Maces & Flails
 + Level 6.2 Armour
 + Level 2.4 Dodging
 + Level 5.0 Shields


You had 7 spell levels left.
You didn't know any spells.
Your spell library contained the following spells:

 Spells                   Type           Power      Damage    Failure   Level
 Foxfire                  Conj/Fire      0%         2x1d4     77%         1
 Conjure Flame            Conj/Fire      0%         6-21      98%         3
 Dazzling Flash           Conj/Hex       0%         N/A       98%         3
 Inner Flame              Hex/Fire       0%         N/A       98%         3
 Flame Wave               Conj/Fire      0%         2d4       100%        4
 Agony                    Necr           0%         N/A       100%        5
 Silence                  Hex/Air        0%         N/A       100%        5


Dungeon Overview and Level Annotations

Branches:
Dungeon (4/15)             Temple (0/1) D:4

Altars:
Gozag
Hepliaklqana


Innate Abilities, Weirdness & Mutations

You are immune to sickness and miasma.
Your stone body is resilient. (AC +5)
You are immune to poison.
You resist negative energy. (rN+)
You are resistant to electric shocks. (rElec)
You are resistant to unholy torment.
You are immune to petrification.


Message History

You closely miss the gnoll.
The gnoll is heavily wounded.
The gnoll barely misses you.
You hit the gnoll.
The gnoll is heavily wounded.
You block the giant cockroach's attack. The gnoll hits you but does no damage.
The gnoll sergeant hits you from afar with a +3 spear of venom.
You hit the gnoll.
The gnoll is heavily wounded.
The giant cockroach bites you but does no damage.
The gnoll hits you but does no damage.
The gnoll sergeant hits you from afar with a +3 spear of venom.
* * * LOW HITPOINT WARNING * * *
The gnoll hits you but does no damage. The giant cockroach misses you.
You are too injured to fight recklessly!
You barely miss the gnoll.
The gnoll is heavily wounded.
The gnoll completely misses you.
You hit the gnoll.
The gnoll is almost dead.
The giant cockroach closely misses you. The gnoll sergeant barely misses you.
The gnoll hits you with a +0 club.
* * * LOW HITPOINT WARNING * * *
You barely miss the gnoll.
The gnoll is almost dead.
The giant cockroach bites you but does no damage.
You block the gnoll sergeant's attack. The gnoll hits you with a +0 club.
* * * LOW HITPOINT WARNING * * *
You feel better. You block the giant cockroach's attack.
You block the gnoll sergeant's attack. The gnoll hits you but does no damage.
The giant cockroach completely misses you.
You closely miss the gnoll.
The gnoll is almost dead.
The gnoll sergeant closely misses you.
You whack the gnoll!
You kill the gnoll!
The giant cockroach bites you but does no damage.
The gnoll sergeant hits you from afar with a +3 spear of venom!
You die...

........#.###...##
......#...####..###
..†..(#....# #..#.####
..#....#...###.....#.###
..#.>..##......#.......#
#.##.....#.#..##.....###
#####.[....#..###....#
.##.#.##...#..g##..###
.)....#.......gB@...#
..#............)#..##
..##.....##>..##..##
.##......##....#...
####....##....#..... #
..... #g..... # ....
......## .# #... ....#
....


You could see a gnoll sergeant, a gnoll and a giant cockroach.

Vanquished Creatures
  Pikel (D:3)
  Grinder (D:3)
  Menkaure (D:4)
  A sky beast (D:3)
  An ogre (D:4)
  2 lemures (D:3)
  A phantom (D:4)
  A scorpion (D:3)
  A howler monkey (D:4)
  2 jellies (D:4)
  A hound (D:3)
  A bullfrog skeleton (D:3)
  An iguana (D:4)
  6 gnolls
  3 adders
  3 worms
  An adder skeleton (D:4)
  A dart slug (D:3)
  7 orcs (D:4)
  2 bats
  5 endoplasms
  5 giant cockroaches
  10 goblins
  8 hobgoblins
  4 quokkas
  8 ball pythons
  A frilled lizard (D:2)
  A jackal skeleton (D:4)
  8 kobolds
  7 rats
95 creatures vanquished.

Notes
Turn   | Place    | Note
-------+----------+-------------------------------------------
     0 | D:1      | zeram the Gargoyle Fighter began the quest for the Orb.
     0 | D:1      | Reached XP level 1. HP: 14/14 MP: 1/1
    21 | D:1      | Found a faded altar of an unknown god.
   155 | D:1      | Reached XP level 2. HP: 18/19 MP: 2/2
   754 | D:2      | Reached XP level 3. HP: 16/23 MP: 3/3
  1103 | D:2      | Found a hazy altar of Hepliaklqana.
  2100 | D:3      | Found an opulent altar of Gozag.
  2112 | D:3      | Noticed a sky beast
  2136 | D:3      | Killed a sky beast
  2137 | D:3      | Reached skill level 3 in Maces & Flails
  2137 | D:3      | Reached XP level 4. HP: 11/29 MP: 4/4
  2137 | D:3      | Reached XP level 5. HP: 13/33 MP: 5/5
  2568 | D:3      | Reached skill level 1 in Dodging
  2568 | D:3      | Reached XP level 6. HP: 34/38 MP: 6/6
  2614 | D:3      | Reached skill level 4 in Maces & Flails
  2640 | D:3      | Noticed Grinder
  2657 | D:3      | Paralysed by Grinder for 6 turns
  2666 | D:3      | Killed Grinder
  2667 | D:3      | Reached skill level 5 in Armour
  2667 | D:3      | Reached XP level 7. HP: 35/44 MP: 7/7
  2996 | D:4      | Noticed Pikel
  3167 | D:3      | Killed Pikel
  3168 | D:3      | Reached skill level 5 in Fighting
  3168 | D:3      | Reached skill level 6 in Maces & Flails
  3168 | D:3      | Reached XP level 8. HP: 26/49 MP: 8/8
  3542 | D:4      | Found a staircase to the Ecumenical Temple.
  3702 | D:4      | Noticed a hornet
  3763 | D:4      | Noticed Menkaure
  3778 | D:4      | Killed Menkaure
  3779 | D:4      | Reached skill level 7 in Maces & Flails
  3779 | D:4      | Reached skill level 5 in Shields
  3788 | D:4      | Slain by a gnoll sergeant

Illustrated notes

Levels and vault maps discovered:
D:1:      psy_arrival_statuary, layout_loops_ring,
          shapermc_ecumenical_altar_venn
D:2:      layout_basic, basic_altar
D:3:      layout_basic, mainiacjoe_overflow_cross_hatched, uniq_grinder
D:4:      minmay_clustersquares, layout_cave_pools,
          minmay_temple_entry_antechambers, uniq_menkaure, uniq_pikel

Skill      XL: |  1  2  3  4  5  6  7  8 |
---------------+-------------------------+-----
Fighting       | 4 5 |  5.5
Maces & Flails | 3 4 6 7 |  7.0
Armour         | 4 5 6 |  6.2
Dodging        | 1 2 |  2.4
Shields        | 4 5 |  5.0

Action                   |  1- 3 |  4- 6 |  7- 9 || total
-------------------------+-------+-------+-------++-------
Melee: Flail             |   110 |    53 |    55 ||   218
       Whip              |       |       |   139 ||   139
  Use: Scroll            |     3 |       |     3 ||     6
       Potion            |       |     1 |     4 ||     5
Armor: Scale mail        |    78 |    19 |   123 ||   220
Dodge: Dodged            |    50 |    29 |    92 ||   171
Block: Buckler           |    30 |     8 |    41 ||    79
